 Dungeon Crawl Stone Soup version 0.30-a0-568-g124715a40b (webtiles) character file.

Game seed: 6575941794681506180

1827 lunkers the Cleaver (level 9, 0/67 HPs)
             Began as a Meteoran Reaver on Dec 29, 2022.
             Was an Initiate of Gozag.
             Succumbed to a gnoll sergeant's poison
             ... on level 6 of the Dungeon.
             The game lasted 00:07:56 (2977 turns).

lunkers the Cleaver (Meteoran Reaver)               Turns: 2977, Time: 00:07:57

Health: 0/67       AC:  9    Str: 17    XL:     9   Next: 58%
Magic:  11/14      EV: 17    Int: 13    God:    Gozag
Gold:   789        SH:  0    Dex: 13    Spells: 7/13 levels left

rFire   + . .      SeeInvis .    w - +0 broad axe
rCold   + . .      Faith    .    (no shield)
rNeg    + . .      Spirit   .    d - +0 leather armour "Deown" {rF+ rC+ Regen+ Int-3}
rPois   .          Reflect  .    p - +1 helmet
rElec   .          Harm     .    (no cloak)
rCorr   .          Rampage  .    (no gloves)
Will    +....                    (no boots)
Stlth   +                        (no amulet)
HPRegen 1.11/turn                g - +4 ring of protection
MPRegen 0.14/turn                l - ring "Miusame" {rN+ EV+5}

@: lethally poisoned (0 -> -21), gold aura, glowing
A: sense surroundings 2, otherworldly, glowing, explore regen
a: Renounce Religion, Potion Petition, Call Merchant, Bribe Branch


You were on level 6 of the Dungeon.
You worshipped Gozag.
Gozag was pleased with you.
You visited 1 branch of the dungeon, and saw 6 of its levels.
You also visited: Ossuary.

You collected 905 gold pieces.
You spent 53 gold pieces at shops.
You paid 63 gold pieces to Gozag.

Inventory:

Hand Weapons
 a - a +1 vampiric hand axe
 c - a +0 club
 w - a +0 broad axe (weapon)
Armour
 b - a +0 leather armour
 d - the +0 leather armour "Deown" (worn) {rF+ rC+ Regen+ Int-3}
   (You found it on level 3 of the Dungeon)

   Int:       It affects your intelligence (-3).
   rF:        It protects you from fire.
   rC:        It protects you from cold.
   Regen:     It increases your rate of health regeneration.
 p - a +1 helmet (worn)
 z - a +1 leather armour of cold resistance
Jewellery
 g - a +4 ring of protection (left hand)
 l - the ring "Miusame" (right hand) {rN+ EV+5}
   (You found it on level 2 of the Dungeon)

   [ring of evasion]

   EV:        It affects your evasion (+5).
   rN:        It protects you from negative energy.
 r - a +6 ring of strength
 y - a ring of wizardry
 F - a ring of resist corrosion
Wands
 n - a wand of roots (7)
Scrolls
 e - a scroll of immolation
 h - a scroll of silence
 j - 2 scrolls of enchant weapon
 q - a scroll of enchant armour
 v - 3 scrolls of teleportation
 x - 2 scrolls of fear
 C - a scroll of amnesia
 E - a scroll of identify
Potions
 f - 5 potions of curing {unknown}
 i - 3 potions of heal wounds
 k - a potion of flight {unknown}
 m - 4 potions of magic
 o - a potion of ambrosia {unknown}
 s - 2 potions of haste {unknown}
 t - 6 potions of mutation
 u - 2 potions of degeneration {unknown}
 A - 2 potions of might {unknown}
 B - 2 potions of attraction {unknown}
 D - a potion of brilliance {unknown}


   Skills:
 - Level 2.1 Fighting
 * Level 12.4 Axes
 - Level 2.4 Dodging
 - Level 2.6 Spellcasting
 - Level 7.6 Conjurations


You had 7 spell levels left.
You knew the following spells:

 Your Spells              Type           Power      Damage    Failure   Level
b - Momentum Strike       Conj/Tloc      22%        3d8       10%         2
c - Hailstorm             Conj/Ice       11%        3d5       19%         3
p - Kiss of Death         Conj/Necr      44%        2d8       6%          1

Your spell library contained the following spells:

 Spells                   Type           Power      Damage    Failure   Level


Dungeon Overview and Level Annotations

Branches:
Dungeon (6/15) Zot: 994    Temple (0/1) D:5         Ossuary (visited)

Altars:
Gozag
Okawaru
Qazlal

Shops:
D:4 *


Innate Abilities, Weirdness & Mutations

You passively map the area around you.
You are easily found by Zot.
You glow in the dark.
You regain HP and MP as you explore.


Message History

* * * LOW HITPOINT WARNING * * *
You are more poisoned.
You closely miss the gnoll.
The gnoll is almost dead.
* * * LOW HITPOINT WARNING * * *
You feel extremely sick. The gnoll completely misses you.
The gnoll sergeant barely misses you.
Unknown command.
Casting: Kiss of Death (safe; 6% risk of failure)
Confirm with . or Enter, or press ? or * to list all spells.
Casting: Hailstorm (dangerous; 19% risk of failure)
Press: ? - help, Dir - look around, f - activate A cannonade of hail descends around you!
The hail pelts the gnoll sergeant!
The gnoll sergeant is moderately wounded.
The hail pelts the gnoll.
The gnoll is heavily wounded.
The hail pelts the gnoll!
The gnoll is severely wounded.
* * * LOW HITPOINT WARNING * * *
You feel extremely sick. The gnoll completely misses you.
The gnoll sergeant hits you from afar with a +2 spear of venom!
* * * LOW HITPOINT WARNING * * *
You are more poisoned.
Unknown command.
Unknown command.
Unknown command.
Unknown command.
Unknown command.
Aiming: Fastroot
Press: ? - help, Shift-Dir - straight line, f - gnoll
Aim: a gnoll, wielding a +0 flail (almost dead)
The roots erupt in riotous growth!
Roots grab the gnoll.
Roots grab the gnoll sergeant.
The grasping roots constrict the gnoll sergeant.
The grasping roots constrict the gnoll.
You kill the gnoll!
You die...
Your body crumbles into a pile of gold.

**
#..#<#.#.##.######
#..#.....##.......
#..#.#.###########
#..#.#.# #.?#.#.#
#....#.# #$####.#
#$# #.# #@# #.#
#$# #g# *


#gg , * ### You could see a gnoll sergeant (rooted) and 2 gnolls.

Vanquished Creatures
  Grinder (D:5)
  Menkaure (Ossuary)
  Duvessa (D:5)
  A black bear (D:4)
  3 ogres
  A scorpion (D:5)
  A necrophage (D:5)
  Dowan (D:5)
  The ghost of oldriver the Sneak, a weakling NaAr (D:3)
  2 centaur zombies (Ossuary)
  A jelly (D:4)
  2 orc priests (D:4)
  7 hounds
  4 iguanas
  An orc wizard (D:6)
  3 ogre zombies (Ossuary)
  7 mummies
  8 adders
  4 gnolls
  A white imp (D:5)
  An ufetubus (D:4)
  3 adder zombies (Ossuary)
  15 orcs
  4 endoplasms
  A giant cockroach (D:4)
  A gnoll zombie (Ossuary)
  4 hobgoblins
  4 jackals (D:2)
  3 quokkas
  8 ball pythons
  A bat (D:3)
  A frilled lizard (D:2)
  7 goblins
  A goblin zombie (Ossuary)
  3 hobgoblin zombies
  4 kobolds
  4 kobold zombies (Ossuary)
  An orc zombie (D:5)
  4 quokka zombies (Ossuary)
  3 rats
  3 rat zombies (Ossuary)
127 creatures vanquished.

Vanquished Creatures (others)
  7 fungi (D:4)
7 creatures vanquished.

Grand Total: 134 creatures vanquished

Notes
Turn   | Place    | Note
-------+----------+-------------------------------------------
     0 | D:1      | lunkers the Meteoran Reaver began the quest for the Orb.
     0 | D:1      | Reached XP level 1. HP: 17/17 MP: 5/5
    48 | D:1      | Reached skill level 4 in Axes
    48 | D:1      | Reached XP level 2. HP: 12/24 MP: 6/6
   205 | D:1      | You fall into a shaft and drop 1 floor!
   263 | D:2      | Reached XP level 3. HP: 26/29 MP: 8/8
   341 | D:2      | Learned a level 2 spell: Momentum Strike
   345 | D:2      | Learned a level 3 spell: Hailstorm
   417 | D:2      | Identified the ring "Miusame" {rN+ EV+5}
   651 | D:2      | Reached XP level 4. HP: 36/36 MP: 9/9
   713 | D:3      | Reached skill level 5 in Axes
   761 | D:3      | Found a runed translucent gate.
   762 | D:3      | Found a runed translucent gate.
   762 | D:3      | Found an opulent altar of Gozag.
   763 | D:3      | Found a runed translucent gate.
   765 | D:3      | Noticed oldriver's ghost (weakling NaAr)
   799 | D:3      | Found a stormy altar of Qazlal.
   891 | D:3      | Reached XP level 5. HP: 34/39 MP: 0/10
   904 | D:3      | Killed oldriver's ghost
   905 | D:3      | Reached skill level 6 in Axes
   915 | D:3      | Became a worshipper of Gozag Ym Sagoz the Greedy
  1006 | D:3      | Reached skill level 5 in Conjurations
  1077 | D:3      | Found an iron altar of Okawaru.
  1081 | D:3      | Identified the +0 leather armour "Deown" {rF+ rC+ Regen+
                  | Int-3}
  1203 | D:4      | Reached XP level 6. HP: 48/48 MP: 11/11
  1246 | D:4      | Reached skill level 7 in Axes
  1410 | D:4      | Reached XP level 7. HP: 55/55 MP: 12/12
  1509 | D:4      | Found Upra's Assorted Antiques.
  1536 | D:4      | Bought a scroll labelled KOJIFF KUDOCW for 28 gold pieces
  1536 | D:4      | Bought a black potion for 25 gold pieces
  1568 | D:5      | Entered Level 5 of the Dungeon
  1581 | D:5      | Reached skill level 8 in Axes
  1614 | D:5      | Noticed Grinder
  1632 | D:5      | Reached XP level 8. HP: 52/58 MP: 13/13
  1699 | D:5      | Paralysed by Grinder for 3 turns
  1705 | D:5      | Killed Grinder
  1706 | D:5      | Reached skill level 9 in Axes
  1792 | D:5      | Found a staircase to the Ecumenical Temple.
  2039 | D:5      | Reached skill level 10 in Axes
  2077 | D:5      | Found a sand-covered staircase.
  2086 | Ossuary  | Entered an ossuary
  2103 | Ossuary  | Gained mutation: You passively map the area around you.
                  | [Meteoran growth]
  2103 | Ossuary  | Reached XP level 9. HP: 67/67 MP: 14/14
  2339 | Ossuary  | Noticed Menkaure
  2345 | Ossuary  | Killed Menkaure
  2346 | Ossuary  | Reached skill level 11 in Axes
  2511 | D:5      | Noticed Duvessa
  2511 | D:5      | Noticed Dowan
  2526 | D:5      | Killed Duvessa
  2526 | D:5      | Killed Dowan
  2643 | D:6      | Reached skill level 12 in Axes
  2977 | D:6      | Succumbed to a gnoll sergeant's poison

Illustrated notes

Levels and vault maps discovered:
D:1:      dpeg_arrival_line_fractal, layout_loops_ring, minmay_tetromino_t4
D:2:      layout_loops_ring, hangedman_decor_points
D:3:      layout_rooms, mainiacjoe_overflow_tiny_flanked,
          mainiacjoe_overflow_24_doors, okawaru_ov_weapons_minmay,
          ebering_ghost_gozag, chequers_ecumenical_altar_lobes
D:4:      layout_rooms, serial_shops, shop, small_statue_intersection,
          dreamdust_mushroom_princess
D:5:      lemuel_ice_spiral_2, layout_rooms, minmay_temple_entry_trees,
          nicolae_ossuary_entry_giza, uniq_grinder, uniq_duvessa
D:6:      layout_basic, hex_medium

Skill      XL: |  1  2  3  4  5  6  7  8  9 |
---------------+----------------------------+-----
Axes           | 4 5 6 7 8 10 12 | 12.4
Conjurations   | 4 5 6 7 |  7.6
Fighting       | |  2.1
Dodging        | |  2.4
Spellcasting   | |  2.6

Action                   |  1- 3 |  4- 6 |  7- 9 || total
-------------------------+-------+-------+-------++-------
Melee: Hand axe          |    88 |   122 |   191 ||   401
       Punch             |       |     1 |     4 ||     5
       Broad axe         |       |       |   155 ||   155
 Cast: Hailstorm         |       |     6 |     2 ||     8
       Kiss of Death     |       |     1 |     3 ||     4
Evoke: Wand              |       |       |     5 ||     5
  Use: Scroll            |       |     6 |     8 ||    14
       Potion            |       |     1 |       ||     1
 Stab: Distracted        |       |     1 |     1 ||     2
Armor: Leather armour    |    29 |    47 |    84 ||   160
Dodge: Dodged            |    52 |   121 |   229 ||   402

Table legend: (Time is in decaauts)
 A = Elapsed time spent in this place.
 B = Non-inter-level travel time spent in this place.
 C = Inter-level travel time spent in this place.
 D = Time resting spent in this place.
 E = Time spent auto-exploring this place.
 F = Levels seen in this place.
 G = Mean time per level.
                   A        B        C        D        E       F      G
               +--------+--------+--------+--------+--------+-----+--------+
         Total |   2958 |   2787 |    171 |      0 |   1690 |   7 |  422.6 |
       Dungeon |   2605 |   2434 |    171 |      0 |   1502 |   6 |  434.2 |
       Ossuary |    353 |    353 |      0 |      0 |    188 |   1 |  353.0 |
               +--------+--------+--------+--------+--------+-----+--------+

Top non-repeatable levels by time:
     D:5: 664 daAuts
     D:2: 503 daAuts
     D:3: 486 daAuts
     D:4: 371 daAuts
     D:6: 371 daAuts
 Ossuary: 353 daAuts
     D:1: 208 daAuts
